[Event "*** Titled Tuesday Blitz"]
[Site "Chess.com"]
[Date "2021.04.06"]
[Round "9"]
[White "marianokar"]
[Black "EvgenyT"]
[Result "1-0"]
[WhiteElo "2564"]
[BlackElo "2891"]
[TimeControl "180+1"]
[EndTime "11:46:43 PDT"]
[Termination "marianokar won by resignation"]

1. e4 c6 2. d4 d5 3. exd5 cxd5 4. Bd3 Nc6 5. c3 g6 6. Nf3 Bf5 7. Bxf5 gxf5 8. Qd3 e6 9. Bg5 Be7 10. Bxe7 Qxe7 11.
Nbd2 Nf6 12. h3 h5 13. Ne5 Nxe5 14. dxe5 Ne4 15. Qb5+ Qd7 16. Qxd7+ Kxd7 17. Nxe4 fxe4 18. f3 Rag8 19. fxe4 Rxg2 20. O-O-O Rf2 21. exd5 Rg8 22. Rhf1 Rgg2 23. Rxf2 Rxf2 24. dxe6+ Kxe6 25. Rd6+ Ke7 26. Rd5 Ke6 27. Rd6+ Ke7 28. Rd5 h4 29. Rd4 Ke6 30. Rxh4 Kxe5 31. Rh7 b6 32. a4 Ke4 33. h4 Kd3 34.
Kb1 a5 35. h5 Ke4 36. h6 Rf6 37. Rh8 Kf5 38. h7 Kg6 39. Kc2 Kg7 40. Rb8 Kxh7 41. Kd3 Kg6 42. Ke4 Rd6 43. Ke5 Re6+ 44. Kd5 Kf5 45. b4 Kf4 46. b5 Kf5 47. c4 Re5+ 48.
Kc6 Rc5+ 49. Kxb6 Rxc4 50. Kxa5 Ke6 51. b6 Kd6 52. Kb5 Rc5+ 53. Ka6 f5 54. a5 Ke7 55.
Rb7+ Ke6 56. Rb8 Ke7 57. Rh8 1-0

[Event "*** Titled Tuesday Blitz"]
[Site "Chess.com"]
[Date "2021.04.06"]
[Round "9"]
[White "VD_coach"]
[Black "kuba2006"]
[Result "1-0"]
[WhiteElo "2512"]
[BlackElo "2342"]
[TimeControl "180+1"]
[EndTime "11:46:43 PDT"]
[Termination "VD_coach won by checkmate"]

1. Nf3 Nf6 2. g3 g6 3. Bg2 Bg7 4. O-O O-O 5. d4 d6 6. c4 Nbd7 7. Nc3 e5 8. h3 c6 9. dxe5 dxe5 10. Be3 Re8 11. Qb3 Qe7 12. Rfd1 Nf8 13. Ng5 Be6 14.
Nxe6 Nxe6 15. Rd2 Rad8 16. Rad1 b6 17. Bxc6 Rxd2 18. Rxd2 Rd8 19. Rxd8+ Qxd8 20. Nd5 Nd4 21. Bxd4 exd4 22. Qf3 h5 23. b4 Qd6 24. c5 bxc5 25.
bxc5 Qe5 26. Kg2 h4 27. g4 g5 28. Qf5 Nxd5 29. Qxe5 Bxe5 30. Bxd5 Kf8 31. Kf3 Ke7 32. Ke4 f6 33. Kf5 Kd7 34. Kg6 Kc7 35. Kf7 a5 36. Ke6 a4 37. a3 d3 38. exd3 Bd4 39. f3 Bxc5 40. Kxf6 Bxa3 41. Kxg5 Be7+ 42. Kh6 Kd6 43. Ba2 Ke5 44. g5 Bf8+ 45. Kh7 Kf5 46.
g6 Kf6 47. d4 Bg7 48. d5 Bf8 49. d6 Bxd6 50. g7 Be5 51. g8=Q a3 52. Qg6+ Ke7 53.
Qe6+ Kf8 54. Qf7# 1-0

[Event "*** Titled Tuesday Blitz"]
[Site "Chess.com"]
[Date "2021.04.06"]
[Round "9"]
[White "Artem_Sadovsky"]
[Black "ama18"]
[Result "1-0"]
[WhiteElo "2644"]
[BlackElo "2515"]
[TimeControl "180+1"]
[EndTime "11:46:46 PDT"]
[Termination "Artem_Sadovsky won by resignation"]

1. Nf3 Nf6 2. c4 e6 3. b3 b6 4.
Bb2 Bb7 5. e3 c5 6. Be2 Be7 7. O-O O-O 8. d4 cxd4 9. Nxd4 a6 10. Bf3 Qc7 11. Nc3 d6 12. Rc1 Nbd7 13.
Nd5 exd5 14. cxd5 Qd8 15. Nc6 Qe8 16. Nxe7+ Qxe7 17. Rc7 Bc8 18. Qc2 Qd8 19. Rd1 Nc5 20. Rc6 Bb7 21. b4 Bxc6 22. dxc6 Ne6 23. Be5 Ne8 24.
a4 b5 25. a5 Qc7 26. Bg3 Rd8 27. Qf5 g6 28. Qd3 Ng5 29. Bd5 Nf6 30. e4 Nxd5 31.
exd5 Rfe8 32. Bh4 f6 33. Qd4 Kf7 34. f3 Re2 35. Bg3 Rde8 36. h4 Nxf3+ 37. gxf3 Qc8 38. Qg4 Qc7 39. Kf1 Qa7 40. Qd7+ R2e7 41. Qxa7 Rxa7 42.
Bxd6 Rd8 43. Bc5 Raa8 44. d6 Rac8 45. Bb6 Rxc6 46. Bxd8 Ke8 47. Bb6 Kd7 48. Bc5 Rc8 49. Re1 Re8 50. Re7+ Rxe7 51. dxe7 f5 52. Kf2 h6 53.
Ke2 g5 54. hxg5 hxg5 55. Kf2 g4 56. Kg3 gxf3 57. Kxf3 Ke8 58. Kf4 Kd7 59. Kxf5 Ke8 60.
Ke4 Kd7 61. Kd5 1-0

[Event "*** Titled Tuesday Blitz"]
[Site "Chess.com"]
[Date "2021.04.06"]
[Round "9"]
[White "The_filthy"]
[Black "PotapovaM"]
[Result "1-0"]
[WhiteElo "2387"]
[BlackElo "2456"]
[TimeControl "180+1"]
[EndTime "11:46:46 PDT"]
[Termination "The_filthy won by checkmate"]

1. e4 c5 2. Nf3 d6 3. d4 cxd4 4. Nxd4 Nf6 5. Nc3 a6 6. Be3 e5 7. Nb3 Be6 8. f3 Be7 9. Qd2 O-O 10. O-O-O Nbd7 11. g4 b5 12. g5 b4 13. Ne2 Ne8 14. Ng3 a5 15. Kb1 a4 16. Nc1 Nb6 17.
Nf5 Nc4 18. Bxc4 Bxc4 19. h4 Be6 20. Nxe7+ Qxe7 21. f4 exf4 22. Bxf4 a3 23. b3 Qc7 24.
h5 Qc6 25. Rhe1 Bf5 26. exf5 Rc8 27. Nd3 Nc7 28. Nxb4 Qf3 29. h6 Nb5 30. Nd5 Rc5 31. Ne7+ Kh8 32. hxg7+ Kxg7 33. c4 Nc3+ 34. Ka1 Nxd1 35.
Rxd1 f6 36. g6 hxg6 37. Bh6+ Kf7 38. Bxf8 g5 39. Ng6 Qxf5 40. Bxd6 Rc6 41. Ne7 Qg4 42. Nxc6 Kg7 43. Bxa3 Qf5 44. Bb2 Qf3 45. Re1 g4 46. Qg5+ Kf7 47. Qxf6+ Qxf6 48. Bxf6 Kxf6 49. Ne5 Kf5 50.
Nxg4 Kxg4 51. c5 Kf3 52. Kb1 Kf2 53. Rd1 Kf3 54. Kc1 Kf2 55. c6 Ke2 56. c7 Ke3 57. c8=Q Ke2 58. Qc2+ Ke3 59. Rd3+ Kf4 60. Qc4+ Kf5 61.
Rd5+ Kf6 62. Qc6+ Kf7 63. Rd7+ Kf8 64. Qc8# 1-0

[Event "*** Titled Tuesday Blitz"]
[Site "Chess.com"]
[Date "2021.04.06"]
[Round "9"]
[White "shnitez"]
[Black "SilviusTiberius"]
[Result "0-1"]
[WhiteElo "2502"]
[BlackElo "2626"]
[TimeControl "180+1"]
[EndTime "11:46:47 PDT"]
[Termination "SilviusTiberius won on time"]

1. c4 e6 2. Nf3 d5 3. e3 Nf6 4. Nc3 b6 5. b3 Bb7 6. Bb2 Nbd7 7.
g3 Bd6 8. Bg2 a6 9. O-O Qe7 10.
d4 O-O 11. Qe2 Rac8 12. Rfd1 Rfd8 13. a3 dxc4 14. bxc4 c5 15. d5 exd5 16. Nxd5 Nxd5 17. cxd5 b5 18. e4 c4 19. Bc3 Bxa3 20. e5 b4 21. d6 Qe8 22. Bh3 Bxf3 23. Qxf3 Nxe5 24. Bxe5 Qxe5 25. Bxc8 Rxc8 26. d7 Rd8 27. Rxa3 bxa3 28.
Qxa3 Qe2 29. Qc1 Qg4 30. Rd2 Rxd7 31. Rxd7 Qxd7 32. Qxc4 Qe6 33. Qc7 g6 34. h4 h5 35.
Kf1 Qa2 36. Kg2 a5 37. g4 hxg4 38. Qc8+ Kg7 39. Qxg4 Qd5+ 40. Kg1 Qb5 41. Qd4+ Kg8 42.
Qd8+ Kh7 43. Qf6 Qc4 44. h5 Qg4+ 45. Kf1 Qd1+ 46. Kg2 Qd5+ 47. Kg1 gxh5 48. f3 a4 49. Kg2 a3 50. Qf4 a2 51. Qf6 Qd2+ 52. Kg3 Qd5 53. f4 Qe6 54. Qc3 Qg6+ 55. Kh3 Qb1 56. Kh4 a1=Q 57.
Qe5 Qh1+ 0-1

[Event "*** Titled Tuesday Blitz"]
[Site "Chess.com"]
[Date "2021.04.06"]
[Round "9"]
[White "HouseOfDurin"]
[Black "TC2304"]
[Result "0-1"]
[WhiteElo "2152"]
[BlackElo "2278"]
[TimeControl "180+1"]
[EndTime "11:46:47 PDT"]
[Termination "TC2304 won on time"]

1. d4 d5 2. Bg5 Nf6 3. Bxf6 exf6 4. e3 Bd6 5. c4 dxc4 6. Bxc4 O-O 7. Nc3 f5 8. Bd5 c6 9. Bf3 Nd7 10. Nge2 Nf6 11.
O-O Re8 12. g3 Ne4 13. Qc2 Qe7 14. a3 a5 15. Rfd1 Bd7 16. Nc1 g6 17. Nd3 h5 18.
h4 b5 19. Ne2 Rac8 20. Rac1 Be6 21. Nc5 Bxc5 22. dxc5 a4 23. Nd4 Bd5 24. Qe2 Kh7 25.
Bxe4 Bxe4 26. f3 Bd5 27. Kf2 Qe5 28. Rg1 Re7 29. Rce1 Rce8 30. Qd3 Bc4 31. Qd2 Qf6 32. Qc3 Bd5 33. Nxb5 Qxc3 34. Nxc3 Rb8 35. Re2 Reb7 36. Nxa4 Rb5 37. Rc1 Bb3 38. Nb6 Rd8 39. Rc3 Rd1 40. e4 fxe4 41. fxe4 Be6 42. Ke3 Bg4 43. Rd2 Rxd2 44.
Kxd2 Rxb2+ 45. Rc2 Rb3 46. Rc3 Rb2+ 47. Ke3 Rg2 48. Kf4 f6 49. e5 Rf2+ 50. Ke4 fxe5 51. Kxe5 Rf6 52. Nc4 Rf5+ 53. Kd6 Bf3 54. Nb6 Rf6+ 0-1

[Event "*** Titled Tuesday Blitz"]
[Site "Chess.com"]
[Date "2021.04.06"]
[Round "9"]
[White "Kildepiotr"]
[Black "ViktoriyaTarasova"]
[Result "1-0"]
[WhiteElo "2649"]
[BlackElo "2444"]
[TimeControl "180+1"]
[EndTime "11:46:48 PDT"]
[Termination "Kildepiotr won on time"]

1. Nf3 Nf6 2. g3 d5 3. Bg2 c6 4. O-O Bf5 5. d3 e6 6. Nbd2 h6 7. Qe1 Nbd7 8. e4 Bh7 9. Qe2 Be7 10. b3 O-O 11. Bb2 a5 12. a4 Qc7 13. e5 Ne8 14.
Ne1 c5 15. f4 d4 16. Nc4 Nb6 17. Nxb6 Qxb6 18. Nf3 Nc7 19. Nd2 Nd5 20. Nc4 Qc7 21. Bc1 Rad8 22. Bd2 b6 23. g4 Rfe8 24. Qf2 Bf8 25.
f5 exf5 26. gxf5 Ne7 27. f6 Ng6 28. Bf4 Nxf4 29. Qxf4 gxf6 30. exf6 Qxf4 31. Rxf4 Re6 32. Bh3 Re2 33. Rf2 Rxf2 34. Kxf2 Rb8 35. Re1 Bg6 36. Bd7 h5 37. Re8 Rxe8 38. Bxe8 Bf5 39. h4 Bg4 40.
Ke1 Bh6 41. Nxb6 Bf4 42. Nc4 Bg3+ 43. Kf1 Bc7 44. Nd2 Bd1 45. Bb5 Kh7 46. Ne4 Kg6 47. Bc4 Bg4 48. Kf2 Bb6 49. Kg3 Kf5 50. Bxf7 Bc7+ 51.
Kf2 Bd1 52. Ke1 Bxc2 53. Kd2 Bb1 54. Bxh5 Bf4+ 55. Ke2 Bc2 56. Bf7 Bh6 57. Bc4 Kg6 58. f7 Kg7 59. Nxc5 1-0

[Event "*** Titled Tuesday Blitz"]
[Site "Chess.com"]
[Date "2021.04.06"]
[Round "9"]
[White "gxbg2000"]
[Black "pfalcon1949"]
[Result "1-0"]
[WhiteElo "2011"]
[BlackElo "1985"]
[TimeControl "180+1"]
[EndTime "11:46:48 PDT"]
[Termination "gxbg2000 won on time"]

1. e4 c5 2. f4 d5 3. exd5 Nf6 4. c4 e6 5. dxe6 Bxe6 6. Nf3 Nc6 7. Nc3 Bd6 8. d3 O-O 9. Be2 Re8 10. O-O Qc7 11.
Ng5 a6 12. Nge4 Be7 13. Be3 b6 14. h3 Rad8 15. Qc2 Nb4 16. Qb1 Nc6 17. a3 Nd4 18. Bd1 b5 19. b3 bxc4 20. bxc4 Rb8 21. Qa2 Rb7 22. Bxd4 cxd4 23. Ne2 Nxe4 24. dxe4 Bxc4 25.
Qd2 d3 26. Ng3 Qb6+ 27. Kh1 Qb2 28. Qxb2 Rxb2 29. Rc1 Be6 30. f5 Bd7 31. a4 Bd6 32. Nh5 f6 33. Bf3 d2 34. Rcd1 Bxa4 35. Ra1 Bb5 36.
Rfd1 Rc8 37. g3 h6 38. Nf4 Bxf4 39. gxf4 Bd3 40. Kg2 Rcc2 41. Kf2 Rb4 42. Ke3 Bb5 43. Rxd2 Rxd2 44. Kxd2 Rb2+ 45. Ke3 Rb3+ 46. Kf2 Rb2+ 47.
Kg3 Rb3 48. Kg2 Rb2+ 49. Kg3 Rb3 50. Kg4 Bc4 51. e5 fxe5 52. fxe5 Re3 53. Kf4 Rb3 54.
Rc1 Rb4 55. e6 Bxe6+ 56. Ke5 Bf7 57. Be4 Rb5+ 58. Kf4 Rb4 59. Rc8+ Kh7 60. f6+ Bg6 61. fxg7 1-0

[Event "*** Titled Tuesday Blitz"]
[Site "Chess.com"]
[Date "2021.04.06"]
[Round "9"]
[White "Kobalia"]
[Black "Gusarov91"]
[Result "1-0"]
[WhiteElo "2780"]
[BlackElo "2632"]
[TimeControl "180+1"]
[EndTime "11:46:53 PDT"]
[Termination "Kobalia won by resignation"]

1. e4 c6 2. Nf3 d5 3. exd5 cxd5 4. Ne5 Nf6 5. d4 a6 6. Bd3 Nc6 7. c3 g6 8. Bf4 Bg7 9. O-O O-O 10.
Re1 Nh5 11. Nxc6 bxc6 12. Bg5 Nf6 13. Nd2 Qc7 14. Nf3 Bg4 15. h3 Bxf3 16. Qxf3 Rfe8 17. Re2 a5 18. Rae1 a4 19. g4 Qb7 20. Kh1 Qd7 21.
Rg1 h6 22. Bc1 Nh7 23. h4 e5 24. dxe5 Rxe5 25. Rxe5 Bxe5 26. Bxh6 a3 27. b3 Bg7 28. Bxg7 Kxg7 29. Qf4 Qe7 30. g5 Re8 31. h5 gxh5 32.
g6 fxg6 33. Rxg6+ Kh8 34. Rh6 Qe1+ 35. Kh2 Qe5 36. Rxh7+ Kg8 37. Qxe5 Rxe5 38. Rc7 Re6 39. Ra7 Rf6 40. Kg3 h4+ 41. Kxh4 Rxf2 42. Rxa3 Rf3 43.
Bg6 Rxc3 44. Kg5 Rf3 45. Ra7 c5 46. Bf5 Re3 47. Kf6 Re8 48. Be6+ Kh8 49. Bxd5 Rd8 50.
Bc4 Rf8+ 51. Kg6 Rf6+ 52. Kg5 Rg6+ 53. Kf5 Rf6+ 54. Ke5 Rf5+ 55. Kd6 Rf6+ 56. Be6 Rf2 57. a4 Rd2+ 58. Bd5 c4 59. bxc4 Rf2 60. Ra8+ Kg7 61.
Rg8+ Kh7 62. c5 Rf6+ 63. Be6 Rf2 64. c6 Rd2+ 65. Bd5 Rd4 66. c7 Rxd5+ 67. Kxd5 Kxg8 1-0

[Event "*** Titled Tuesday Blitz"]
[Site "Chess.com"]
[Date "2021.04.06"]
[Round "9"]
[White "swisspower96"]
[Black "esapunov"]
[Result "1-0"]
[WhiteElo "2576"]
[BlackElo "2703"]
[TimeControl "180+1"]
[EndTime "11:46:53 PDT"]
[Termination "swisspower96 won by resignation"]

1. d4 Nf6 2. c4 g6 3. Nc3 Bg7 4. e4 O-O 5. h3 d6 6. Be3 a6 7.
Nf3 Nbd7 8. g4 c5 9. Bg2 Rb8 10. a4 b6 11. O-O cxd4 12. Nxd4 Bb7 13. Qe2 e6 14. Rad1 Qc7 15. b3 Nc5 16. Bg5 e5 17. Nc2 Nxb3 18. Bxf6 Bxf6 19. Ne3 Nd4 20. Qa2 Qd8 21. Ncd5 Bg5 22. Qb2 Bc6 23. f4 exf4 24.
Nxf4 Bxf4 25. Rxf4 Ne6 26. Rf6 Qe7 27. h4 Nc5 28. g5 h5 29. Rdxd6 Bxe4 30. Nd5 Bxd5 31.
Bxd5 Kh7 32. Kg2 Ne4 33. Rxg6 fxg6 34. Re6 Qf7 35. Rxe4 Qf3+ 36. Kh2 Qf2+ 37. Qxf2 Rxf2+ 38. Kg3 Rff8 39. Re7+ Kh8 40. Re6 Kh7 41. Re7+ Kh8 42. Re6 Rg8 43. Rf6 Rg7 44. a5 bxa5 45. Rxa6 Rd8 46.
Kf4 Re7 47. Rxg6 Rf8+ 48. Rf6 Rxf6+ 49. gxf6 Ra7 50. c5 a4 51. Ke5 a3 52. Ba2 Ra5 53. Kd6 Kh7 54. c6 Kg6 55. f7 Kg7 56. c7 Ra6+ 57. Kd7 Ra7 58. Kd8 Rxc7 59. Kxc7 Kf8 60. Kd6 Kg7 61. Kc5 Kf8 62. Kb4 Ke7 63. Kxa3 Kf8 64. Kb4 Ke7 65. Kc3 1-0

[Event "*** Titled Tuesday Blitz"]
[Site "Chess.com"]
[Date "2021.04.06"]
[Round "9"]
[White "PavelChernomordik"]
[Black "profofchess"]
[Result "0-1"]
[WhiteElo "2332"]
[BlackElo "2511"]
[TimeControl "180+1"]
[EndTime "11:46:53 PDT"]
[Termination "profofchess won on time"]

1. e4 e6 2. Nc3 d5 3. d4 Bb4 4.
Ne2 Nc6 5. a3 Ba5 6. e5 Nge7 7.
Bg5 h6 8. Bh4 g5 9. Bg3 Nf5 10. h4 gxh4 11. Bf4 Bb6 12. Be3 Bd7 13.
Qd3 Qe7 14. O-O-O Na5 15. g4 hxg3 16. Nxg3 Nxe3 17. Qxe3 O-O-O 18. Rxh6 c5 19. Rxh8 Rxh8 20. Nb5 Bxb5 21. Bxb5 cxd4 22. Qf4 Nc6 23. Ne2 Qc5 24.
Bxc6 bxc6 25. Nxd4 Qc4 26. b3 Qc3 27. Ne2 Qa1+ 28.
Kd2 Qxa3 29. Qxf7 Qa5+ 30. c3 Qa2+ 31. Kd3 Rh3+ 32. f3 Qxb3 33. Qxe6+ Kb7 34. Rf1 Rh2 35. Qd7+ Ka6 36. Ra1+ Kb5 37. Nd4+ Bxd4 38. Qb7+ Bb6 39. Qa6+ Kc5 40. Qa3+ Qxa3 41. Rxa3 Rh3 42. Ke2 d4 43. cxd4+ Kxd4 44. e6 Rh7 45. Re3 Re7 46. Re4+ Kd5 47. f4 Rxe6 48. Re5+ Rxe5+ 49. fxe5 Kxe5 50. Kd3 a5 51. Kc4 a4 52. Kb4 Kd4 53. Kxa4 c5 54. Kb3 Kd3 55. Kb2 c4 56. Kc1 Be3+ 0-1

[Event "*** Titled Tuesday Blitz"]
[Site "Chess.com"]
[Date "2021.04.06"]
[Round "9"]
[White "Mikhal867"]
[Black "Eloist"]
[Result "0-1"]
[WhiteElo "2443"]
[BlackElo "2369"]
[TimeControl "180+1"]
[EndTime "11:46:53 PDT"]
[Termination "Eloist won by resignation"]

1. e4 e6 2. d4 d5 3. e5 c5 4. Qg4 cxd4 5. Nf3 Nc6 6. Bd3 f6 7. Qh5+ Kd7 8. O-O Qe8 9. Qxe8+ Kxe8 10. Re1 fxe5 11. Nxe5 Nxe5 12. Rxe5 Bd6 13. Re1 Nf6 14. Nd2 Bc5 15. Nf3 Bd7 16. a3 a5 17. b3 Ne4 18. Bxe4 dxe4 19. Rxe4 Bc6 20. Rxe6+ Kd7 21. Re1 Bxf3 22. gxf3 Rhf8 23. Kg2 Ra6 24. Bf4 Rxf4 25. Re4 Raf6 26. Rxf4 Rxf4 27. a4 Rf6 28. Rd1 Kc6 29. Kg3 Re6 30. Rd2 Re1 31.
h3 Bd6+ 32. Kg4 Kc5 33. f4 Rg1+ 34. Kf3 Be7 35. Re2 Bf6 36. Re8 Kb4 37. Rc8 Rc1 38.
Ke4 Re1+ 39. Kf3 Rh1 40. Kg2 Rc1 41. Rc7 Ka3 42. Rxb7 Rxc2 43. Rb5 d3 44. Kf3 Kb2 45. Rxa5 Kc1 46. Rd5 d2 47. a5 d1=Q+ 48. Rxd1+ Kxd1 49. b4 Rb2 50. a6 Rxb4 51. f5 Ra4 52. a7 Rxa7 53.
Kg2 Ra4 54. Kf3 Kd2 55. Kg2 Ke2 56. Kg3 Be5+ 57. Kg2 Rf4 58. f3 Rxf5 0-1

[Event "*** Titled Tuesday Blitz"]
[Site "Chess.com"]
[Date "2021.04.06"]
[Round "9"]
[White "LEGENYA1998"]
[Black "atwalcb"]
[Result "0-1"]
[WhiteElo "2240"]
[BlackElo "2475"]
[TimeControl "180+1"]
[EndTime "11:46:55 PDT"]
[Termination "atwalcb won by resignation"]

1. b4 c6 2. Bb2 Qb6 3. Bc3 Nf6 4.
d3 Nd5 5. Qd2 Nxc3 6. Qxc3 d5 7.
a3 Nd7 8. e3 a5 9. bxa5 Rxa5 10. Nd2 e5 11. Ngf3 Bd6 12. Be2 O-O 13. O-O Qa7 14.
Rfb1 Rxa3 15. Rxa3 Qxa3 16. Qxa3 Bxa3 17. e4 Bd6 18.
exd5 cxd5 19. Rb5 Nf6 20. c4 d4 21. Nxe5 Re8 22. f4 Bxe5 23. Rxe5 Rxe5 24. fxe5 Nd7 25. Nf3 Kf8 26. Kf2 Ke7 27. Nxd4 Nxe5 28. Ke3 Bg4 29.
Nf3 Bxf3 30. gxf3 b6 31. f4 Nc6 32. d4 Kd6 33. Bf3 Ne7 34. Kd3 g6 35. Bg2 Nf5 36.
Bh3 Nh4 37. Bf1 Nf3 38. h3 Nh4 39. Be2 Nf5 40. Bg4 Ng3 41. Bf3 h5 42. Bd1 f6 43. Bf3 g5 44. fxg5 fxg5 45. Bg2 h4 46. Bf3 Nf5 47. Bg4 Nh6 48. Bf3 Nf5 49. Bg4 Ne7 50. Ke4 Nc6 51. Kf5 Nxd4+ 52. Kxg5 Kc5 53. Kxh4 Kxc4 54. Kg5 b5 55. h4 b4 56. Bd1 Ne6+ 57.
Kf6 Nf4 58. Kg5 Nh3+ 59. Kf6 Nf2 60. Ba4 Ne4+ 61. Ke5 Nc5 62. Bd1 Kc3 63. Kf6 Kd2 64.
Bg4 b3 65. Bf5 b2 66. Bb1 Kc1 67. Ba2 Na4 68. h5 Nc3 69. h6 Nxa2 70. h7 b1=Q 71. h8=Q Qb2+ 0-1

[Event "*** Titled Tuesday Blitz"]
[Site "Chess.com"]
[Date "2021.04.06"]
[Round "9"]
[White "retropwr"]
[Black "Raud100"]
[Result "0-1"]
[WhiteElo "2395"]
[BlackElo "2283"]
[TimeControl "180+1"]
[EndTime "11:46:55 PDT"]
[Termination "Raud100 won on time"]

1. c4 c6 2. Nf3 d5 3. e3 Nf6 4. Nc3 Bg4 5. Qb3 Qb6 6. d4 Bxf3 7. gxf3 e6 8. Bd2 Nbd7 9. Be2 Be7 10. Rg1 O-O 11. f4 Kh8 12. c5 Qc7 13. Qc2 b6 14. b4 a5 15. cxb6 Qxb6 16. Na4 Qa7 17. bxa5 c5 18.
dxc5 Nxc5 19. Nxc5 Bxc5 20. Kf1 Ne4 21. Be1 Rfc8 22.
Qb2 f6 23. Kg2 Rab8 24. Bb5 Bxe3 25. fxe3 Qxe3 26. Qe2 Qxf4 27. Bd3 Qe5 28. Rd1 Rb2 29. Bd2 Rxa2 30. Bxe4 dxe4 31. Kh1 h6 32. Qg2 g5 33. Qg3 Qxg3 34. Rxg3 Rcc2 35. Rg2 e3 36. a6 exd2 37. a7 Rxa7 38. Rgxd2 Rxd2 39. Rxd2 Kg7 40. Re2 e5 41. Re1 Kg6 42. Rc1 Ra4 43. Re1 Rd4 44. Rc1 h5 45. Re1 h4 46. Rf1 h3 47. Kg1 g4 48. Re1 Kg5 49. Rf1 f5 50. Rb1 e4 51. Rb8 Rd3 52.
Kf2 Kf4 53. Rb4 Rd2+ 54. Kg1 Rg2+ 55. Kh1 Ra2 56. Rb1 e3 57. Rf1+ Ke4 58. Rd1 f4 59.
Rf1 g3 60. hxg3 fxg3 61. Rd1 Rh2+ 62. Kg1 Rg2+ 63. Kh1 Rd2 64. Re1 e2 65. Kg1 Rd1 0-1

[Event "*** Titled Tuesday Blitz"]
[Site "Chess.com"]
[Date "2021.04.06"]
[Round "9"]
[White "iamnotIM"]
[Black "GadimbayliA"]
[Result "1-0"]
[WhiteElo "2586"]
[BlackElo "2761"]
[TimeControl "180+1"]
[EndTime "11:46:57 PDT"]
[Termination "iamnotIM won by resignation"]

1. Nf3 d5 2. b3 c5 3. Bb2 f6 4. e4 dxe4 5. Nh4 g6 6. d3 Nc6 7. Nd2 e5 8. dxe4 Be6 9. Bc4 Qd7 10. Bxe6 Qxe6 11. c3 Bh6 12. Nhf3 Nge7 13. Qe2 O-O 14. Qc4 Kf7 15. Rd1 b6 16. Ke2 Rad8 17.
Bc1 Na5 18. Qxe6+ Kxe6 19. h4 Rd7 20. Nc4 Bxc1 21. Nxa5 Bb2 22. Rxd7 Kxd7 23. Rd1+ Kc7 24. Nc4 Bxc3 25. Ne3 Bd4 26. h5 g5 27. Nf5 Nxf5 28. exf5 Kd6 29. Nd2 Kd5 30. f3 g4 31. Ne4 b5 32. a4 bxa4 33. bxa4 c4 34. Rb1 Kc6 35.
Rb5 a6 36. Rb1 gxf3+ 37. Kxf3 c3 38. Rc1 Kb6 39. Nxc3 Bxc3 40. Rxc3 Ka5 41. Rc6 Rf7 42. Ke4 Rg7 43. Rxf6 Rxg2 44. Kxe5 Re2+ 45. Kf4 Rf2+ 46. Kg5 Rg2+ 47. Kh6 Rh2 48. Rf8 Kxa4 49. f6 a5 50. f7 Rf2 51. Kxh7 Ka3 52. h6 a4 53. Kg7 Rg2+ 54.
Kh8 Rf2 55. h7 Ka2 56. Kg7 Rg2+ 57. Kf6 Rf2+ 58. Ke6 Re2+ 59. Kd5 1-0

[Event "*** Titled Tuesday Blitz"]
[Site "Chess.com"]
[Date "2021.04.06"]
[Round "9"]
[White "Aygehovit1992"]
[Black "AldokhinIvan"]
[Result "0-1"]
[WhiteElo "2646"]
[BlackElo "2540"]
[TimeControl "180+1"]
[EndTime "11:46:59 PDT"]
[Termination "AldokhinIvan won by resignation"]

1. Nc3 Nf6 2. e4 d5 3. e5 Nfd7 4. d4 e6 5. f4 c5 6. Nf3 Nc6 7. Be3 Be7 8. Qd2 a6 9. Be2 b5 10. O-O b4 11. Nd1 Bb7 12. c3 bxc3 13. bxc3 O-O 14.
Nf2 Na5 15. Rab1 Qc7 16. Qc2 g6 17. Ng4 Nc4 18. Bxc4 dxc4 19. Ng5 Bd5 20. h4 Qc6 21.
h5 Bxg5 22. fxg5 Be4 23. Qf2 Bxb1 24. Rxb1 Qe4 25. Nh6+ Kg7 26. Re1 Rab8 27. dxc5 Rb1 28. Rxb1 Qxb1+ 29. Kh2 Qe4 30. Bd4 gxh5 31. g3 Kg6 32.
Qd2 Rb8 33. Qf2 f5 34. gxf6 Rb1 35. Qg2 Qxg2+ 36. Kxg2 Kxh6 37. c6 Nb6 38. c7 Nc8 39. Bc5 Kg6 40. Kf3 Rd1 41. Ke4 Rd3 42. Bd4 Rxg3 43.
Kf4 Rg4+ 44. Kf3 Rh4 45. Kg3 Rh1 46. Kg2 Ra1 47. Kg3 Rxa2 48. Bc5 a5 49. Kf4 a4 50. Ke4 Rc2 51. Kd4 h4 52. Kxc4 h3 53. Bg1 Rg2 54.
Bc5 h2 0-1

[Event "*** Titled Tuesday Blitz"]
[Site "Chess.com"]
[Date "2021.04.06"]
[Round "9"]
[White "monikarozman"]
[Black "Haykoooo0o"]
[Result "0-1"]
[WhiteElo "2184"]
[BlackElo "2450"]
[TimeControl "180+1"]
[EndTime "11:47:00 PDT"]
[Termination "Haykoooo0o won on time"]

1. d4 d6 2. Nf3 Nd7 3. c4 e5 4.
Nc3 Ngf6 5. g3 g6 6. Bg2 Bg7 7. O-O O-O 8. e4 c6 9. d5 cxd5 10. cxd5 Nc5 11. Nd2 Qb6 12. Nc4 Qa6 13. b3 b5 14. Nd2 Qb6 15. Bb2 Bg4 16. Qc2 Rac8 17. Rac1 b4 18. Nc4 Qa6 19. Nb1 Rfd8 20. f3 Bd7 21. Nbd2 Bb5 22. Kh1 Bxc4 23. Nxc4 Qxa2 24. Nd2 Qa6 25. Ra1 Qb7 26. Nc4 Qb5 27. Ra5 Qb7 28.
Rfa1 a6 29. Bf1 Bf8 30. Be2 Bg7 31. Kg2 Nfd7 32. Qd1 Nb6 33. Ne3 Rb8 34. Bxa6 Nxa6 35. Rxa6 Ra8 36. Rxa8 Rxa8 37. Qd2 Rxa1 38. Bxa1 Qa6 39.
Bb2 Qb5 40. Bc1 Nd7 41. Nc4 Kf8 42. Nxd6 Qc5 43. Nc4 Kg8 44. Qe3 Qb5 45. Qa7 Nc5 46. Qa8+ Bf8 47. d6 Nxb3 48. Nd2 Nxc1 49. d7 Qxd7 50.
Nb1 Nd3 51. f4 Nc5 52. fxe5 Ne6 53. Qa5 Qd3 54. Qb6 Qxb1 0-1

[Event "*** Titled Tuesday Blitz"]
[Site "Chess.com"]
[Date "2021.04.06"]
[Round "9"]
[White "Yurovskykh_Oleksandr"]
[Black "attack2mateU"]
[Result "0-1"]
[WhiteElo "2527"]
[BlackElo "2688"]
[TimeControl "180+1"]
[EndTime "11:47:01 PDT"]
[Termination "attack2mateU won by checkmate"]

1. d4 Nf6 2. Nf3 g6 3. Bg5 Bg7 4. Nbd2 O-O 5. c3 d5 6. e3 c5 7. Be2 Nc6 8. O-O Qb6 9. Qb3 Bf5 10. Qxb6 axb6 11. a3 Rfc8 12. Rfe1 h6 13. Bh4 g5 14. Bg3 Nh5 15. Rac1 Nxg3 16. hxg3 Rc7 17. Nf1 Rac8 18. N1h2 cxd4 19. exd4 Nxd4 20. Nxd4 Bxd4 21. Rcd1 Bc5 22. Rxd5 Be6 23. Rd2 Rd7 24. Red1 Rcd8 25. Rxd7 Rxd7 26. Rxd7 Bxd7 27. Bf3 Bc8 28. g4 Kg7 29. Nf1 Kf6 30. Ng3 Ke5 31. Kf1 e6 32. Ke2 f5 33. Nf1 h5 34.
gxf5 g4 35. fxe6 gxf3+ 36. Kxf3 Bxe6 37. Kg3 h4+ 38. Kxh4 Bxf2+ 39. Kg5 Bc4 40. Nh2 Be3+ 41. Kg6 Bc1 42. Nf3+ Kf4 43. Kf6 Bxb2 44. Ke7 Bxc3 45.
Kd6 Bf1 46. Kc7 Bxg2 47. Ng1 Ke3 48. Kxb6 Kf2 49. Nh3+ Bxh3 50. Kxb7 Ke3 51. a4 Kd4 52. Kb6 Kd5 53. a5 Kd6 54. a6 Bg2 55. a7 Bd4+ 56. Ka6 Kc7 57. a8=Q Bxa8 58. Kb5 Bb6 59.
Kc4 Bc6 60. Kb4 Kd6 61. Kc4 Ke5 62. Kd3 Bb5+ 63. Kc3 Bc5 64. Kc2 Ke4 65. Kd2 Bb4+ 66.
Kc2 Bc4 67. Kd1 Ke3 68. Kc2 Ke2 69. Kc1 Bc3 70. Kc2 Bd4 71. Kc1 Kd3 72. Kd1 Be3 73.
Ke1 Bd5 74. Kf1 Bf3 75. Ke1 Bg4 76. Kf1 Kd2 77. Kg2 Ke2 78. Kg3 Bf3 79. Kh4 Kd3 80. Kg3 Bd1 81. Kh4 Ke4 82. Kg3 Bd2 83. Kf2 Kf4 84.
Kg2 Be3 85. Kf1 Kf3 86. Ke1 Bc2 87. Kf1 Bd2 88. Kg1 Kg3 89. Kf1 Bd3+ 90. Kg1 Be3+ 91. Kh1 Be4# 0-1

[Event "*** Titled Tuesday Blitz"]
[Site "Chess.com"]
[Date "2021.04.06"]
[Round "9"]
[White "Mikhail_Golubev"]
[Black "CakeinSpace2002"]
[Result "1-0"]
[WhiteElo "2564"]
[BlackElo "2336"]
[TimeControl "180+1"]
[EndTime "11:47:01 PDT"]
[Termination "Mikhail_Golubev won by resignation"]

1. e4 c5 2. Nf3 Nc6 3. Bb5 g6 4.
O-O Bg7 5. c3 e5 6. d4 cxd4 7.
cxd4 exd4 8. Bf4 Nge7 9. Bd6 a6 10. Bc4 O-O 11. Ng5 Qe8 12. Re1 Ne5 13. Bb3 h6 14. Nf3 Nxf3+ 15. Qxf3 b5 16. e5 Ra7 17. Nd2 Bb7 18.
Ne4 Kh8 19. Rad1 Nf5 20. Bxf8 Qxf8 21. g4 Nh4 22. Qg3 Qe7 23. f4 g5 24. Rd3 gxf4 25. Qxf4 Qxe5 26. Qxe5 Bxe5 27. Bxf7 Kg7 28. Bb3 d6 29. Rh3 Ng6 30. g5 hxg5 31. Nxg5 Nf4 32. Rh7+ Kg6 33. h4 Nh3+ 34. Kf1 Nxg5 35. Bc2+ Kf6 36.
hxg5+ Kxg5 37. Be4 Bxe4 38. Rxa7 Bd3+ 39. Kg2 Bc4 40.
b3 Bd5+ 41. Kf2 d3 42. Ke3 d2 43. Kxd2 Bf4+ 44. Kd3 Bf3 45. Rg1+ Kf5 46. Rxa6 d5 47. Ra5 Be4+ 48. Ke2 d4 49. Rxb5+ Ke6 50. Rd1 d3+ 51.
Rxd3 Bxd3+ 52. Kxd3 Bc7 53. a4 Kd6 54. Kc4 Kc6 55. Rd5 Bg3 56. Rg5 Be1 57. Rg6+ Kb7 58. b4 Bd2 59. a5 Bc1 60. Kb5 1-0